[Event "Team 45 45 League T36"]
[Site "Internet Chess Club"]
[Date "2008.02.23"]
[Round "5"]
[White "N20863"]
[Black "kingphisch"]
[Result "0-1"]
[WhiteElo "1307"]
[BlackElo "1461"]
[Opening "Caro-Kann defense"]
[ECO "B11"]
[Time "12:14:32"]
[TimeControl "2700+45"]

1. e4 c6 2. Nc3 d5 3. exd5 cxd5 4. Bb5+ Nc6 5. d4 Nf6 6. Nf3 Bg4 7. h3 Bh5 8.
O-O e6 9. Bg5 Be7 10. Qd3 O-O 11. Ne2 Bg6 12. Qb3 Rc8 13. Bd3 Na5 14. Qb5 a6 15.
Qa4 b5 {White resigns} 0-1

[Event "Team 45 45 League T36"]
[Site "Internet Chess Club"]
[Date "2008.02.25"]
[Round "5"]
[White "PandorasBox"]
[Black "luar1609"]
[Result "1-0"]
[WhiteElo "2063"]
[BlackElo "2099"]
[Opening "QGD Slav: exchange variation"]
[ECO "D13"]
[Time "16:02:03"]
[TimeControl "2700+45"]

1. d4 Nf6 2. Nf3 c5 3. c3 cxd4 4. cxd4 d5 5. Nc3 Nc6 6. Bf4 a6 7. e3 Bf5 8. Rc1
Rc8 9. Bd3 Bxd3 10. Qxd3 Nb4 11. Qd1 e6 12. O-O Bd6 13. Bxd6 Qxd6 14. Nb5 {Black
resigns} 1-0

[Event "Team 45 45 League T36"]
[Site "Internet Chess Club"]
[Date "2008.02.24"]
[Round "5"]
[White "DeLaSalle"]
[Black "Despair"]
[Result "0-1"]
[WhiteElo "2054"]
[BlackElo "1950"]
[Opening "Queen's pawn: English defense"]
[ECO "A40"]
[Time "12:03:11"]
[TimeControl "2700+45"]

1. d4 b6 2. e4 g6 3. Nf3 Bg7 4. Bc4 e6 5. O-O d5 6. exd5 exd5 7. Re1+ Ne7 8.
Bb5+ c6 9. Bd3 O-O 10. Bg5 Be6 11. Qd2 c5 12. c4 Nbc6 13. Nc3 dxc4 14. Be4 f6
15. Bxc6 Nxc6 16. Rxe6 fxg5 17. dxc5 Nd4 18. Nxd4 Qxd4 19. Rd1 Qxc5 20. Rd6 Bxc3
21. bxc3 Rf5 22. g4 Rf4 23. Rd8+ Rxd8 24. Qxd8+ Kg7 25. Qd7+ Kh6 26. Rd2 Qe5 27.
h4 Qe1+ 28. Kg2 Qe4+ 29. Kh3 Qh1+ 30. Kg3 Qxh4+ 31. Kg2 Rxg4+ 32. Kf1 Qh1+
{White resigns} 0-1

[Event "Team 45 45 League T36"]
[Site "Internet Chess Club"]
[Date "2008.02.22"]
[Round "5"]
[White "charles-allen"]
[Black "Mater"]
[Result "1-0"]
[WhiteElo "1812"]
[BlackElo "1678"]
[Opening "Sicilian: Smith-Morra gambit"]
[ECO "B21"]
[Time "20:53:12"]
[TimeControl "2700+45"]

1. e4 c5 2. d4 cxd4 3. c3 dxc3 4. Nxc3 d6 5. Nf3 Nc6 6. Bc4 Nf6 7. O-O a6 8. Bg5
e6 9. Qe2 Be7 10. Rfd1 Qc7 11. Rac1 O-O 12. Bb3 Qa5 13. Bxf6 Bxf6 14. Rxd6 Ne5
15. Rdd1 Nxf3+ 16. Qxf3 Rd8 17. Rxd8+ Bxd8 18. Qd3 Bc7 19. g3 b5 20. Nd5 exd5
21. Qxd5 Bg4 22. Qxf7+ Kh8 23. Qxc7 Qxc7 24. Rxc7 a5 25. Kg2 h6 26. h3 Be2 27.
Be6 g5 28. Rc8+ Rxc8 29. Bxc8 Kg7 30. f4 gxf4 31. gxf4 b4 32. Kf2 Bc4 33. a3 Bd3
34. Ke3 Bb5 35. Kd4 Kf6 36. axb4 axb4 37. e5+ Ke7 38. Kc5 {Black resigns} 1-0

[Event "Team 45 45 League T36"]
[Site "Internet Chess Club"]
[Date "2008.02.24"]
[Round "5"]
[White "morgado"]
[Black "SuperPeon"]
[Result "1/2-1/2"]
[WhiteElo "2039"]
[BlackElo "2046"]
[Opening "Queen's Pawn"]
[ECO "A41"]
[Time "17:30:00"]
[TimeControl "2700+45"]

1. d4 d6 2. e3 Nf6 3. Nf3 g6 4. Be2 Bg7 5. O-O O-O 6. c4 Nbd7 7. Nc3 c6 8. b3 b6
9. Bb2 c5 10. Qc2 Bb7 11. Rad1 a6 12. e4 Qc7 13. Rfe1 cxd4 14. Nd5 Nxd5 15. exd5
Bxd5 16. Nxd4 Bb7 17. Bf3 Nf6 18. Qe2 Rfe8 19. Nc2 Bxf3 20. Qxf3 b5 21. Ne3 Rad8
22. Bxf6 exf6 23. cxb5 axb5 24. Nd5 Qa5 25. b4 Qxa2 26. Nxf6+ Bxf6 27. Qxf6 Qd2
28. Qxd8 Qxe1+ 29. Rxe1 Rxd8 30. g3 Kf8 31. Rc1 Ke7 32. Rc6 Rb8 33. Rc7+ Ke6 34.
Kf1 h5 35. Ke2 d5 36. Ke3 Ra8 37. Rb7 Ra3+ 38. Kd4 Ra2 39. Rb6+ Ke7 40. Ke3 Ra3+
41. Ke2 Ra2+ 42. Ke3 Ra3+ 43. Kf4 Ra2 44. Kf3 Ra3+ 45. Kg2 Rb3 46. Rxb5 Ke6 47.
Rb8 d4 48. b5 Kd5 49. Rb7 f6 50. Rf7 Ke5 51. Rb7 g5 52. Rb8 g4 53. b6 Kd5 54. b7
Kc6 55. Rd8 Rxb7 56. Rxd4 Rb5 57. Kf1 Rf5 58. Ke2 Kc5 59. Rd8 Re5+ 60. Kf1 Rd5
61. Ra8 Kd4 62. Ke2 Rb5 63. Rf8 Re5+ 64. Kf1 Rf5 65. Ke2 Re5+ 66. Kd2 Rf5 67.
Rd8+ Ke4 68. Ke2 Re5 69. Rd3 Ra5 70. Rd2 Ra1 71. Rb2 Rh1 72. h4 gxh3 73. Rb5 f5
74. Rb4+ Ke5 75. Rh4 Kf6 76. Rxh5 Kg6 77. Rh4 Kg5 78. Kf3 Rh2 79. Rh8 Kf6 80.
Ke3 Kg7 81. Rh4 Kg6 82. f3 Rh1 83. Kf4 h2 84. Rh3 Kf6 85. Rh6+ Kg7 86. Rh5 Kg6
87. Rh3 Kf6 88. Rh6+ Kg7 89. Kg5 Rg1 90. Rxh2 Rxg3+ 91. Kf4 Rg1 92. Kxf5 Rg6 93.
Ra2 Rb6 94. Ra8 Kf7 95. f4 Rb5+ 96. Kg4 Kf6 97. Rf8+ Kg7 98. Rf5 Rxf5 {Game
drawn by mutual agreement} 1/2-1/2

[Event "Team 45 45 League T36"]
[Site "Internet Chess Club"]
[Date "2008.02.24"]
[Round "5"]
[White "tourettes"]
[Black "PaulKaspar"]
[Result "0-1"]
[WhiteElo "1726"]
[BlackElo "1889"]
[Opening "Caro-Kann: anti-anti-Caro-Kann defense"]
[ECO "B10"]
[Time "10:10:52"]
[TimeControl "2700+45"]

1. e4 c6 2. c4 d5 3. exd5 cxd5 4. cxd5 Qxd5 5. Nc3 Qd8 6. Bb5+ Bd7 7. Bc4 Nf6 8.
Nf3 e6 9. O-O Bd6 10. d4 O-O 11. Nb5 Bxb5 12. Bxb5 a6 13. Bc4 Nc6 14. Bg5 Rc8
15. Rc1 h6 16. Bh4 Bf4 17. Rc3 b5 18. Bb3 g5 19. Bg3 Bxg3 20. hxg3 Nd5 21. Rc1
Qd7 22. Qd2 Nde7 23. Rfd1 Rc7 24. Bc2 Qd5 25. Re1 Rd8 26. Be4 Qd6 27. Nxg5 hxg5
28. Qxg5+ Kf8 29. Qh6+ Ke8 30. Qh8+ Kd7 31. Qf6 Kc8 32. Qxf7 Nd5 33. Bxd5 exd5
34. Qf5+ Kb8 35. Qd3 Rh8 36. f4 Qb4 37. Red1 Rg8 38. Qc3 Qxc3 39. Rxc3 Nb4 40.
Rxc7 Kxc7 41. a3 Nc6 42. Kf2 Kd6 43. Rd3 Ke6 44. Kf3 Kf5 45. b4 a5 46. bxa5 Nxa5
47. Re3 Nc4 48. Re7 Ra8 49. g4+ Kf6 50. Rb7 Rxa3+ 51. Kf2 Rd3 52. g5+ Kf5 53.
Rf7+ Kg6 54. Rf6+ Kg7 55. Ra6 Rxd4 56. Kf3 Re4 57. Kg4 Ne3+ 58. Kf3 Nf5 59. g4
Nd4+ 60. Kg3 Ne2+ 61. Kf3 Nxf4 62. Ra7+ Kg6 63. Rb7 Kxg5 64. Rxb5 Re1 65. Rb4
Rf1+ 66. Ke3 Kxg4 67. Rb8 Rf3+ 68. Kd4 Kg3 69. Rg8+ Kf2 70. Rh8 Rd3+ 71. Kc5
Rc3+ 72. Kd4 Rc4+ 73. Ke5 Ng6+ {White resigns} 0-1

[Event "Team 45 45 League T36"]
[Site "Internet Chess Club"]
[Date "2008.02.25"]
[Round "5"]
[White "Fidelian"]
[Black "Tomate"]
[Result "0-1"]
[WhiteElo "1338"]
[BlackElo "1455"]
[Opening "Pirc: classical, h3 system"]
[ECO "B08"]
[Time "19:58:47"]
[TimeControl "2700+45"]

1. e4 d6 2. Nf3 Nf6 3. Nc3 g6 4. d4 Bg7 5. h3 O-O 6. Bd3 b6 7. Qe2 Bb7 8. g4 c5
9. d5 Re8 10. g5 Nfd7 11. h4 e6 12. h5 exd5 13. hxg6 fxg6 14. Rh4 c4 15. Bxc4
dxc4 16. Be3 Bxc3+ 17. bxc3 Bxe4 18. Qxc4+ d5 19. Rxe4 {White resigns} 0-1

[Event "Team 45 45 League T36"]
[Site "Internet Chess Club"]
[Date "2008.02.24"]
[Round "5"]
[White "Visin"]
[Black "uipawn"]
[Result "1-0"]
[WhiteElo "1242"]
[BlackElo "1323"]
[Opening "Lengfellner system"]
[ECO "B07"]
[Time "15:12:17"]
[TimeControl "2700+45"]

1. e4 d6 2. d4 e6 3. Nc3 Be7 4. Nf3 Nf6 5. Bc4 c5 6. O-O O-O 7. e5 dxe5 8. dxe5
Qxd1 9. Rxd1 Nfd7 10. Bf4 a6 11. a4 Nc6 12. Ne4 Na5 13. Ba2 b6 14. Nd6 h6 15.
Nxc8 Raxc8 16. Rxd7 Rfe8 17. Rad1 Rcd8 18. c3 c4 19. Be3 b5 20. axb5 axb5 21.
Rxd8 Bxd8 22. Nd4 Bb6 23. Nxb5 Bxe3 24. fxe3 g5 25. Na3 Rc8 26. Rd4 Rb8 27. Nxc4
Nxc4 28. Bxc4 Rxb2 29. Bd3 Kg7 30. c4 f6 31. Rd7+ Kf8 32. exf6 Rd2 33. c5 e5 34.
c6 e4 35. c7 exd3 36. c8=Q# {Black checkmated} 1-0

[Event "Team 45 45 League T36"]
[Site "Internet Chess Club"]
[Date "2008.02.23"]
[Round "5"]
[White "Mfalme"]
[Black "Dalcon"]
[Result "1/2-1/2"]
[WhiteElo "1319"]
[BlackElo "1245"]
[Opening "Bird's opening"]
[ECO "A02"]
[Time "09:59:03"]
[TimeControl "2700+45"]

1. f4 d6 2. e4 g6 3. Nf3 Nd7 4. Bc4 h6 5. O-O Bg7 6. a3 e6 7. d4 Ne7 8. Ba2 d5
9. e5 O-O 10. c4 c5 11. Be3 b6 12. b4 Qc7 13. dxc5 bxc5 14. bxc5 Nxc5 15. cxd5
exd5 16. Bxd5 Nxd5 17. Qxd5 Nb7 18. Nbd2 Be6 19. Qb5 Rfc8 20. Rfb1 Nd8 21. Rc1
Qd7 22. Qxd7 Bxd7 23. Rxc8 Rxc8 24. Bxa7 Ra8 25. Bb6 Ne6 26. g3 Bf8 27. a4 Bxa4
28. Ne4 Kg7 29. Kf2 Bc6 30. Rxa8 Bxa8 31. Ke3 Be7 32. Nd4 Bxe4 33. Kxe4 Nxd4 34.
Kxd4 f5 35. exf6+ Bxf6+ 36. Ke4 Kf7 37. h3 h5 38. g4 hxg4 39. hxg4 Ke6 40. Bc5
Bg7 41. Bd4 Bf8 42. f5+ gxf5+ 43. gxf5+ Kf7 44. Kd5 Be7 45. Ke4 Bg5 46. Kd5 Be7
47. Bh8 Bg5 48. Kc6 Bf6 49. Bxf6 {Game drawn by mutual agreement} 1/2-1/2

[Event "Team 45 45 League T36"]
[Site "Internet Chess Club"]
[Date "2008.02.26"]
[Round "5"]
[White "rpgrossman"]
[Black "b2solo"]
[Result "0-1"]
[WhiteElo "1144"]
[BlackElo "1271"]
[Opening "English opening"]
[ECO "A05"]
[Time "20:02:22"]
[TimeControl "2700+45"]

1. Nf3 Nf6 2. c4 g6 3. g3 Bg7 4. Bg2 d6 5. O-O O-O 6. Nc3 c6 7. d4 Bd7 8. e4 Qc8
9. e5 dxe5 10. Nxe5 Ng4 11. Bh3 Nxe5 12. Bxd7 Nexd7 13. Bg5 e6 14. d5 h6 15. Bd2
cxd5 16. cxd5 e5 17. d6 Nc6 18. Nd5 Nf6 19. Ne7+ Nxe7 20. dxe7 Re8 21. Rc1 Qe6
22. Bb4 Nd5 23. Qb3 Nxb4 24. Qxb4 Qxe7 25. Qxe7 Rxe7 26. Rfe1 Rd8 27. Rc5 Rd2
28. Rc8+ Kh7 29. Kf1 Rxb2 30. Rec1 Rxa2 31. R8c7 Rxc7 32. Rxc7 b6 33. Rxf7 h5
34. Kg2 Kg8 35. Re7 Ra4 36. Re8+ Kf7 37. Rc8 b5 38. Rb8 a6 39. Rb7+ Ke6 40. Rxg7
Kf5 41. Rf7+ Ke6 42. Rc7 b4 43. Rc6+ Kf5 44. Rc4 a5 45. Rc5 b3 46. f4 b2 47. Rb5
Rb4 48. Rxe5+ Kf6 49. Rxa5 b1=Q 50. Ra6+ Rb6 51. Ra5 Rb2+ 52. Kh3 Qf1+ 53. Kh4
Rxh2# {White checkmated} 0-1

[Event "Team 45 45 League T36"]
[Site "Internet Chess Club"]
[Date "2008.02.22"]
[Round "5"]
[White "quickchess"]
[Black "sra66"]
[Result "1-0"]
[WhiteElo "1499"]
[BlackElo "1511"]
[Opening "Bird's opening"]
[ECO "A02"]
[Time "20:25:16"]
[TimeControl "2700+45"]

1. f4 c5 2. Nf3 Nc6 3. e4 d6 4. d3 e6 5. Be2 Nf6 6. c3 Be7 7. O-O Qc7 8. a4 Bd7
9. Na3 a6 10. Qe1 O-O 11. Qg3 Nh5 12. Qh3 Nf6 13. g4 e5 14. f5 g6 15. Ng5 Na5
16. Rf3 Nb3 17. Qh6 Nxc1 18. Rxc1 c4 19. Rh3 cxd3 20. Nxh7 Qc5+ 21. Kh1 Rfc8 22.
Ng5 Nh7 23. Qxh7+ Kf8 24. Qh8# {Black checkmated} 1-0

[Event "Team 45 45 League T36"]
[Site "Internet Chess Club"]
[Date "2008.02.22"]
[Round "5"]
[White "slakkjaw"]
[Black "beerss"]
[Result "0-1"]
[WhiteElo "1354"]
[BlackElo "1497"]
[Opening "Blackmar gambit"]
[ECO "B01"]
[Time "21:07:13"]
[TimeControl "2700+45"]

1. e4 d5 2. d4 dxe4 3. Be3 Nf6 4. Be2 Nc6 5. Nc3 e6 6. Qd2 Bb4 7. O-O-O Bxc3 8.
Qxc3 Nd5 9. Qc5 Qe7 10. Qc4 Bd7 11. Nh3 O-O-O 12. Nf4 Nxe3 13. fxe3 Qb4 14. c3
Qxc4 15. Bxc4 Na5 16. Be2 g5 17. Nh3 h6 18. b4 Nc6 19. Rhf1 f5 20. g4 Ne7 21.
Rf2 Nd5 22. Kd2 Nf6 23. Rg2 fxg4 24. Bxg4 Nxg4 25. Rxg4 e5 26. Rxe4 Bxh3 27.
Rxe5 Rhe8 28. Ra5 Kb8 29. c4 b6 30. Ra3 Bg4 31. Re1 Rf8 32. c5 Rf2+ 33. Kc3 Rxh2
34. cxb6 cxb6 35. Rf1 Be2 36. Rf7 a6 37. Rf6 Rc8+ 38. Kb3 Bc4+ 39. Ka4 Kb7 40.
Rg6 Rh3 41. Rg7+ Rc7 42. Rxc7+ Kxc7 43. Rc3 b5+ 44. Ka5 Rh2 45. a3 Rd2 46. Kxa6
Rd3 47. Rxd3 Bxd3 48. e4 Bxe4 49. Kxb5 g4 50. Kc5 g3 51. d5 g2 52. d6+ Kd7 53.
Kb5 g1=Q 54. a4 Bd3+ 55. Ka5 Qa7# {White checkmated} 0-1

[Event "Team 45 45 League T36"]
[Site "Internet Chess Club"]
[Date "2008.02.23"]
[Round "5"]
[White "theartist"]
[Black "BosqueVerde"]
[Result "1/2-1/2"]
[WhiteElo "1167"]
[BlackElo "1185"]
[Opening "QGD semi-Slav: 5...Nd7"]
[ECO "D45"]
[Time "12:02:53"]
[TimeControl "2700+45"]

1. d4 d5 2. c4 c6 3. Nc3 Nf6 4. Nf3 e6 5. e3 Nbd7 6. cxd5 exd5 7. Bd3 Bd6 8. O-O
O-O 9. e4 dxe4 10. Nxe4 Nxe4 11. Bxe4 Nf6 12. Bg5 Be7 13. Bc2 h6 14. Bh4 Re8 15.
Re1 Be6 16. Qd3 Bb4 17. Re2 b5 18. a3 Bc4 19. Rxe8+ Qxe8 20. Qf5 Be6 21. Qd3 Be7
22. Bxf6 Bxf6 23. Qh7+ Kf8 24. Re1 Rd8 25. Qe4 Qd7 26. Rd1 Bd5 27. Qf5 Qxf5 28.
Bxf5 Bxf3 29. gxf3 Rxd4 30. Rxd4 Bxd4 31. b3 a5 32. Bd3 Ke7 33. Kf1 Kd6 34. Ke2
f6 35. f4 g5 36. fxg5 hxg5 37. f3 Ke5 38. Be4 c5 39. Bc6 b4 40. a4 Kf4 41. Bd7
f5 42. Be6 g4 43. fxg4 fxg4 44. Kf1 Kf3 45. Bd5+ Ke3 46. Be6 Kd2 47. Bxg4 Kc3
48. Be6 Bh8 49. Kg2 Kd4 50. Kf3 Ke5 51. Bc4 Kf5 52. h3 Kg5 53. Be6 {Game drawn
by mutual agreement} 1/2-1/2

[Event "Team 45 45 League T36"]
[Site "Internet Chess Club"]
[Date "2008.02.24"]
[Round "5"]
[White "Renato77"]
[Black "king4aknight"]
[Result "1-0"]
[WhiteElo "1188"]
[BlackElo "907"]
[Opening "Ruy Lopez: classical (Cordel) defense"]
[ECO "C64"]
[Time "12:02:32"]
[TimeControl "2700+45"]

1. e4 e5 2. Nf3 Nc6 3. Bb5 Bc5 4. Bxc6 bxc6 5. d4 Bb6 6. Nxe5 Qf6 7. O-O Bb7 8.
Qg4 O-O-O 9. Bg5 Qd6 10. Nxf7 Qxd4 11. Nxd8 Ba6 12. Nxc6 Qd6 13. Nxa7+ Bxa7 14.
Rd1 Qb6 15. Qxd7+ Kb7 16. Qd5+ Kb8 17. Be3 Qxb2 18. Qd8+ Kb7 19. Bxa7 Kxa7 20.
Qxc7+ Bb7 21. Qc5+ Qb6 22. Qa3+ Ba6 23. Rd7+ Ka8 24. Qf8+ Qb8 25. Rd8 Qxd8 26.
Qxd8+ Ka7 27. Nc3 h5 28. Rb1 Rh6 29. Qd7+ Ka8 30. Qd5+ Ka7 31. Qxg8 Rb6 32.
Qxg7+ Bb7 33. Rxb6 Kxb6 34. Na4+ Ka7 35. Nc5 {Black resigns} 1-0

[Event "Team 45 45 League T36"]
[Site "Internet Chess Club"]
[Date "2008.02.21"]
[Round "5"]
[White "KrutoyChelovek"]
[Black "Ghashgork"]
[Result "0-1"]
[WhiteElo "1510"]
[BlackElo "1660"]
[Opening "Sicilian: Alapin's variation (2.c3)"]
[ECO "B22"]
[Time "17:30:03"]
[TimeControl "2700+45"]

1. e4 c5 2. c3 g6 3. d4 cxd4 4. cxd4 Bg7 5. Nf3 d6 6. Nc3 Nf6 7. Bd3 O-O 8. Bg5
Nc6 9. Qd2 Bg4 10. h3 Bxf3 11. gxf3 Nxd4 12. Qe3 Ne6 13. f4 Nxg5 14. fxg5 Nd7
15. h4 Qa5 16. Rc1 Bxc3+ 17. bxc3 Qxa2 18. h5 Ne5 19. f4 Nxd3+ 20. Qxd3 Qg2 21.
Qh3 Qxh3 22. Rxh3 a5 23. hxg6 hxg6 24. Kd2 Kg7 25. Rch1 Rh8 26. Rh6 Rxh6 27.
gxh6+ Kh7 28. Kc2 Rc8 29. e5 dxe5 30. fxe5 Rc5 31. Rf1 Rxe5 32. Rxf7+ Kxh6 33.
Rf8 g5 34. Kd3 g4 35. Rg8 Kh5 36. Rh8+ Kg5 37. Rg8+ Kh4 38. Kd4 Rg5 39. Rf8 g3
40. Ke4 g2 41. Rh8+ Kg3 42. Rf8 g1=Q 43. Rf3+ Kh2 44. Rf8 Rg4+ 45. Kf3 Qg3+ 46.
Ke2 Re4+ 47. Kd2 Qe1+ 48. Kd3 Qe2# {White checkmated} 0-1

[Event "Team 45 45 League T36"]
[Site "Internet Chess Club"]
[Date "2008.02.23"]
[Round "5"]
[White "jacknor"]
[Black "sra66"]
[Result "1-0"]
[WhiteElo "1688"]
[BlackElo "1502"]
[Opening "Sicilian: Smith-Morra gambit"]
[ECO "B21"]
[Time "14:20:44"]
[TimeControl "2700+45"]

1. e4 c5 2. d4 cxd4 3. c3 dxc3 4. Nxc3 e6 5. Nf3 Nc6 6. Bf4 d6 7. Bc4 Qc7 8. Nb5
Qa5+ 9. Bd2 Qd8 10. O-O a6 11. Nc3 Nf6 12. Qe2 Be7 13. Rad1 O-O 14. e5 dxe5 15.
Nxe5 Qc7 16. Nxc6 Qxc6 17. Bg5 b5 18. Bd3 Bb7 19. f3 Bc5+ 20. Kh1 Nd5 21. Nxd5
exd5 22. Bb1 Rae8 23. Qd3 f5 24. Bd2 b4 25. Rfe1 Rd8 26. Rc1 a5 27. Be3 d4 28.
Qc4+ Rd5 29. Bg1 Ba6 30. Qb3 Kh8 31. Bd3 a4 32. Qc2 Bc8 33. Qe2 Rfd8 34. Bb5 Qg6
35. Qe8+ Rxe8 36. Rxe8+ Qxe8 37. Bxe8 a3 38. b3 Kg8 39. Bb5 d3 40. Bc4 d2 41.
Rd1 Bxg1 42. Kxg1 Bb7 43. Rxd2 Kf8 44. Bxd5 Bxd5 45. Rxd5 Ke7 46. Rxf5 {Black
resigns} 1-0

[Event "Team 45 45 League T36"]
[Site "Internet Chess Club"]
[Date "2008.02.22"]
[Round "5"]
[White "AndersO"]
[Black "quotha"]
[Result "1-0"]
[WhiteElo "1451"]
[BlackElo "1511"]
[Opening "Philidor: exchange variation"]
[ECO "C41"]
[Time "18:04:10"]
[TimeControl "2700+45"]

1. e4 e5 2. Nf3 d6 3. d4 exd4 4. Nxd4 Be7 5. Bc4 Nf6 6. Nc3 O-O 7. O-O a6 8. a4
c5 9. Nf3 Bg4 10. Qd3 Nc6 11. Nd5 Ne5 12. Nxe5 dxe5 13. Qg3 Be6 14. Nxe7+ Qxe7
15. Qxe5 Ng4 16. Qc3 Bxc4 17. Qxc4 Qe5 18. f4 Qh5 19. h3 Nf6 20. e5 Nd7 21. Qd3
Rad8 22. Qf3 Qxf3 23. Rxf3 Nb8 24. Rd3 Rxd3 25. cxd3 Rd8 26. Be3 b6 27. Rd1 Nc6
28. Kf1 Kf8 29. Ke2 Ke7 30. Kf3 f6 31. Ke4 fxe5 32. fxe5 Ke6 33. d4 Nxe5 34. d5+
Kd6 35. Bf4 Re8 36. Rd3 Re7 37. Rb3 c4 38. Rxb6+ Kc5 39. Be3# {Black checkmated}
1-0

[Event "Team 45 45 League T36"]
[Site "Internet Chess Club"]
[Date "2008.02.24"]
[Round "5"]
[White "john-beebs"]
[Black "archae13"]
[Result "1-0"]
[WhiteElo "1530"]
[BlackElo "1326"]
[Opening "Pirc: classical (two knights) system"]
[ECO "B08"]
[Time "12:59:52"]
[TimeControl "2700+45"]

1. e4 d6 2. d4 Nf6 3. Nc3 g6 4. Nf3 Bg7 5. Bb5+ c6 6. Ba4 O-O 7. O-O Bg4 8. Re1
Na6 9. h3 Bd7 10. a3 Qc7 11. Bb3 e6 12. Be3 c5 13. Qd2 Rad8 14. Bg5 Nb8 15. e5
dxe5 16. dxe5 Bc6 17. Qe3 Bxf3 18. Qxf3 Nd5 19. Bxd8 Rxd8 20. Bxd5 exd5 21. Nxd5
Qd7 22. Rad1 Kh8 23. Nf6 Qe7 24. Rxd8+ Qxd8 25. Qxb7 {Black resigns} 1-0

[Event "Team 45 45 League T36"]
[Site "Internet Chess Club"]
[Date "2008.02.24"]
[Round "5"]
[White "Ziah"]
[Black "Qualm"]
[Result "1/2-1/2"]
[WhiteElo "1599"]
[BlackElo "1686"]
[Opening "Ruy Lopez: Marshall, main line, 14...Qh3"]
[ECO "C89"]
[Time "05:09:37"]
[TimeControl "2700+45"]

1. e4 e5 2. Nf3 Nc6 3. Bb5 a6 4. Ba4 Nf6 5. O-O Be7 6. Re1 b5 7. Bb3 O-O 8. c3
d5 9. exd5 Nxd5 10. Nxe5 Nxe5 11. Rxe5 c6 12. d4 Bd6 13. Re1 Qh4 14. g3 Qh3 15.
Qf3 Bg4 16. Qg2 Qh5 17. Be3 Bh3 {Game drawn by mutual agreement} 1/2-1/2

[Event "Team 45 45 League T36"]
[Site "Internet Chess Club"]
[Date "2008.02.25"]
[Round "5"]
[White "nathesh"]
[Black "crazynights"]
[Result "0-1"]
[WhiteElo "1448"]
[BlackElo "1548"]
[Opening "Ruy Lopez: closed"]
[ECO "C90"]
[Time "08:10:54"]
[TimeControl "2700+45"]

1. e4 e5 2. Nf3 Nc6 3. Bb5 a6 4. Ba4 Nf6 5. O-O Be7 6. Re1 b5 7. Bb3 d6 8. Nc3
O-O 9. d3 Bg4 10. h3 Bh5 11. Be3 Na5 12. Kh2 Nxb3 13. axb3 h6 14. g4 Bg6 15. d4
Nxe4 16. Nxe4 Bxe4 17. c4 f6 18. d5 Qd7 19. Nh4 Bh7 20. f3 f5 21. Bf2 fxg4 22.
hxg4 Bg5 23. Qe2 Qf7 24. Rf1 e4 25. fxe4 Qf4+ 26. Kh3 Qxe4 27. Qd1 bxc4 28. Re1
Qd3+ 29. Qxd3 cxd3 30. Rad1 Rxf2 {White resigns} 0-1

[Event "Team 45 45 League T36"]
[Site "Internet Chess Club"]
[Date "2008.02.24"]
[Round "5"]
[White "EyeAm"]
[Black "Fineas-Fogg"]
[Result "1/2-1/2"]
[WhiteElo "1389"]
[BlackElo "1376"]
[Opening "two knights defense: Lolli attack"]
[ECO "C57"]
[Time "13:58:07"]
[TimeControl "2700+45"]

1. e4 e5 2. Nf3 Nc6 3. Bc4 Nf6 4. Ng5 d5 5. exd5 Nxd5 6. d4 f6 7. dxe5 fxg5 8.
Bxd5 Qe7 9. O-O Be6 10. Bxe6 Qxe6 11. Bxg5 h6 12. Bf4 g5 13. Qh5+ Qf7 14. Qxf7+
Kxf7 15. Be3 Nxe5 16. Bd4 Bd6 17. Nc3 b6 18. Nb5 Rhe8 19. Nxd6+ cxd6 20. Bxe5
dxe5 21. Rfe1 Rac8 22. c3 a5 23. Rad1 Rc5 24. Re4 Ke6 25. Rd3 Rd5 26. Rxd5 Kxd5
27. f3 h5 28. Kf2 g4 29. c4+ Kc5 30. fxg4 hxg4 31. Rxg4 e4 32. Ke3 Kxc4 33. h4
a4 34. h5 Kd5 35. h6 Re7 36. Rg7 Re6 37. h7 Rh6 38. Rg5+ Ke6 39. Rg7 Kf6 40. Rb7
Kf5 41. Rf7+ Kg6 42. Rb7 Rxh7 43. Rxh7 Kxh7 44. Kxe4 Kg6 45. Kf4 Kf6 46. g4 b5
47. g5+ Kg6 48. Kg4 b4 49. Kf4 b3 50. axb3 axb3 51. Ke4 Kxg5 52. Kd3 Kf5 53. Kc3
Ke6 54. Kxb3 Kd7 55. Ka4 Kc6 56. b4 Kb6 57. b5 Kb7 58. Ka5 Ka7 59. b6+ Kb7 60.
Kb5 Kb8 {Game drawn by mutual agreement} 1/2-1/2

[Event "Team 45 45 League T36"]
[Site "Internet Chess Club"]
[Date "2008.02.23"]
[Round "5"]
[White "kinchknifeblade"]
[Black "civilization"]
[Result "0-1"]
[WhiteElo "1348"]
[BlackElo "1560"]
[Opening "Grünfeld: 5.Bg5"]
[ECO "D91"]
[Time "19:01:21"]
[TimeControl "2700+45"]

1. d4 Nf6 2. c4 g6 3. Nf3 Bg7 4. Nc3 d5 5. Bg5 c6 6. e3 Bf5 7. cxd5 Nxd5 8. Bc4
Nxc3 9. bxc3 Qa5 10. Qb3 f6 11. Bf4 b5 12. O-O bxc4 13. Qb7 O-O 14. Qxa8 Qb6 15.
g4 Bd3 16. Rfc1 Nd7 17. Qxf8+ Kxf8 18. g5 Qb2 19. gxf6 Nxf6 20. Ne1 Ne4 21. Bg3
Nxg3 22. hxg3 Bf5 23. f3 Bh6 24. f4 Qe2 25. Ng2 Bh3 26. Nh4 g5 {White resigns}
0-1

[Event "Team 45 45 League T36"]
[Site "Internet Chess Club"]
[Date "2008.02.23"]
[Round "5"]
[White "EyeAm"]
[Black "taijifan"]
[Result "1-0"]
[WhiteElo "1390"]
[BlackElo "1283"]
[Opening "Caro-Kann: Panov-Botvinnik attack, 5...e6"]
[ECO "B14"]
[Time "14:01:22"]
[TimeControl "2700+45"]

1. e4 c6 2. d4 d5 3. exd5 cxd5 4. c4 Nf6 5. Nc3 e6 6. c5 Nc6 7. Bg5 Be7 8. Bb5
O-O 9. Nf3 Ne4 10. Bxe7 Qxe7 11. O-O e5 12. Bxc6 bxc6 13. Nxe5 Bb7 14. Qd3 Nxc5
15. dxc5 Qxe5 16. Rfe1 Qg5 17. a3 a5 18. Qe3 Qxe3 19. fxe3 Rfe8 20. b4 axb4 21.
axb4 Rxa1 22. Rxa1 Rxe3 23. Rc1 Ba6 24. Kf2 d4 25. Ra1 h6 26. Rxa6 Rxc3 27. Ke2
Rc2+ 28. Kd3 {Black resigns} 1-0

[Event "Team 45 45 League T36"]
[Site "Internet Chess Club"]
[Date "2008.02.22"]
[Round "5"]
[White "SeniorCitizen"]
[Black "Hastings"]
[Result "1/2-1/2"]
[WhiteElo "1331"]
[BlackElo "1254"]
[Opening "Ruy Lopez: old Steinitz defense"]
[ECO "C62"]
[Time "14:06:32"]
[TimeControl "2700+45"]

1. e4 e5 2. Nf3 Nc6 3. Bb5 d6 4. d4 Bd7 5. dxe5 Nxe5 6. Bxd7+ Qxd7 7. Nxe5 dxe5
8. Qxd7+ Kxd7 9. O-O Rd8 10. Rd1+ Kc8 11. Rxd8+ Kxd8 12. Bg5+ f6 13. Be3 b6 14.
Nc3 a6 15. Rd1+ Kc8 16. Nd5 Kb7 17. Kf1 Ne7 18. Nxe7 Bxe7 19. Ke2 Rd8 20. Rxd8
Bxd8 21. Kd3 Be7 22. Kc4 Kc6 23. b4 g6 24. a4 b5+ 25. axb5+ axb5+ 26. Kb3 f5 27.
f3 Bh4 28. g3 Be7 29. g4 f4 30. Bf2 h6 31. h3 Bd6 32. Ba7 Kb7 33. Bc5 Kc6 34.
Bf2 Kd7 35. c4 c6 36. c5 Be7 37. Kc3 Ke6 38. Kd2 Kf6 39. Ke2 Kg5 40. h4+ Kf6 41.
Kf1 Ke6 42. Kg2 h5 43. g5 {Game drawn by mutual agreement} 1/2-1/2

[Event "Team 45 45 League T36"]
[Site "Internet Chess Club"]
[Date "2008.02.24"]
[Round "5"]
[White "MeansToAnEnd"]
[Black "chips"]
[Result "1-0"]
[WhiteElo "941"]
[BlackElo "1138"]
[Opening "Queen's pawn: English defense"]
[ECO "A40"]
[Time "16:08:21"]
[TimeControl "2700+45"]

1. d4 b6 2. e4 Bb7 3. Nc3 e6 4. g3 Bb4 5. Ne2 Ba6 6. Bd2 Nf6 7. e5 Bxc3 8. Bxc3
Ne4 9. Bg2 Nxc3 10. Nxc3 c6 11. Qd2 O-O 12. O-O-O Bb7 13. Ne4 Ba6 14. f4 Bc4 15.
b3 Bd5 16. Nd6 Na6 17. Bxd5 cxd5 18. h4 Nc7 19. Rhg1 Ne8 20. Nxe8 Rxe8 21. g4
Qxh4 22. f5 Qe7 23. Qf2 Qa3+ 24. Kb1 Qe7 25. f6 gxf6 26. exf6 Qf8 27. g5 Kh8 28.
Rg4 a5 29. Rh1 Qg8 30. Qg2 Qg6 31. a4 Rac8 32. Rh6 Qf5 33. Rgh4 Rxc2 34. Rxh7+
Qxh7 35. Rxh7+ Kxh7 36. Qxc2+ Kg8 37. g6 Kf8 38. g7+ Kg8 {Black resigns} 1-0